 Dungeon Crawl Stone Soup version 0.28-a0-1594-ga885d4b3d6 (webtiles) character file.

Game seed: 1772390556877504771

10 psuckher the Sneak (level 2, 22/22 HPs)
             Began as a Demonspawn Brigand on Jan 20, 2022.
             Was a Follower of Jiyva.
             Quit the game on level 1 of the Dungeon.
             The game lasted 00:02:52 (430 turns).

psuckher the Sneak (Demonspawn Brigand)              Turns: 430, Time: 00:02:53

Health: 22/22      AC:  3    Str: 11    XL:     2   Next: 10%
Magic:  2/2        EV: 12    Int: 12    God:    Jiyva [*.....]
Gold:   10         SH:  0    Dex: 14    Spells: 1/1 levels left

rFire   . . .      SeeInvis .   a - +2 dagger
rCold   . . .      Faith    .   (no shield)
rNeg    . . .      Spirit   .   b - +0 robe
rPois   .          Reflect  .   (no helmet)
rElec   .          Harm     .   c - +0 cloak
rCorr   .          Rampage  .   (no gloves)
Will    .....                   (no boots)
Stlth   +++.......              (no amulet)
HPRegen 0.87/turn               (no ring)
MPRegen 0.33/turn               (no ring)

@: no status effects
A: weakness stinger 1
a: Renounce Religion


You were on level 1 of the Dungeon.
You worshipped Jiyva.
Jiyva was aware of your devotion.
You visited 1 branch of the dungeon, and saw 1 of its levels.

You collected 10 gold pieces.

Inventory:

Hand Weapons
 a - a +2 dagger (weapon)
 f - a +0 hand axe of venom
Missiles
 d - 8 poisoned darts (quivered)
 e - 2 curare-tipped darts
Armour
 b - a +0 robe (worn)
 c - a +0 cloak (worn)
Scrolls
 g - a scroll of teleportation {unknown}
 h - a scroll of enchant weapon {unknown}
 i - a scroll of vulnerability {unknown}
 j - 2 scrolls of identify {unknown}
Potions
 k - a potion of degeneration {unknown}


   Skills:
 + Level 2.0 Fighting
 + Level 2.0 Short Blades
 + Level 1.7 Throwing
 + Level 1.1 Dodging
 + Level 4.0 Stealth


You had one spell level left.
You didn't know any spells.
Your spell library was empty.

Dungeon Overview and Level Annotations

Branches:
Dungeon (1/15)

Altars:
Jiyva


Innate Abilities, Weirdness & Mutations

You have a small tail.


Message History

Your demonic ancestry asserts itself...
You grow a small tail.
You hit the bat.
You kill the bat!
Your Short Blades skill increases to level 2!
You closely miss the kobold. You tail-slap the kobold.
The kobold is severely wounded.
The kobold hits you with a +0 dagger.
You closely miss the kobold.
The kobold is severely wounded.
You barely miss the kobold.
The kobold is severely wounded.
The kobold hits you but does no damage.
You closely miss the kobold.
The kobold is severely wounded.
The kobold hits you but does no damage.
You barely miss the kobold.
The kobold is severely wounded.
The kobold hits you with a +0 dagger.
You hit the kobold.
You kill the kobold!
Your Stealth skill increases to level 4!
Found a faded altar of an unknown god.
Items here: )) ††.
k - a red potion Sorry, you're not good enough to have a special ability.
Found a scroll labelled ZAXKED VOXOGI.
There is a faded altar of an unknown god here.
You cannot tell which god this altar belongs to.
Convert to them anyway?
Jiyva accepts your prayer! Jiyva welcomes you!
Jiyva begins accelerating your health and magic regeneration.
Welcome back, psuckher the Demonspawn Brigand.
Slime for the Slime God!
Press ? for a list of commands and other information.
You hear a distant slurping noise.
HP restored.
j - 2 scrolls labelled ZAXKED VOXOGI (gained 1)
Okay, then.
Are you sure you want to abandon this character and quit the game? (Confirm with "yes".)

#........#
#........# .###
#........#
...#######........#
#.......#........#
#.......#.._.....#
#.......#........#
#........##....###
#....@...##.##.#
######...##.# .#
#+####+# #


There were no monsters in sight!

Vanquished Creatures
  2 endoplasms (D:1)
  A giant cockroach (D:1)
  A quokka (D:1)
  2 bats (D:1)
  A frilled lizard (D:1)
  2 goblins (D:1)
  A kobold (D:1)
10 creatures vanquished.

Notes
Turn   | Place    | Note
-------+----------+-------------------------------------------
     0 | D:1      | psuckher the Demonspawn Brigand began the quest for the
                  | Orb.
     0 | D:1      | Reached XP level 1. HP: 16/16 MP: 1/1
   370 | D:1      | Reached skill level 1 in Dodging
   395 | D:1      | Discovered your monstrous ancestry.
   395 | D:1      | Gained mutation: You have a small tail. [demonic ancestry]
   395 | D:1      | Reached XP level 2. HP: 17/22 MP: 2/2
   402 | D:1      | Reached skill level 4 in Stealth
   402 | D:1      | Found a faded altar of an unknown god.
   419 | D:1      | Prayed at the altar of an unknown god.
   419 | D:1      | Became a worshipper of Jiyva Jegh the Shapeless
   419 | D:1      | Reached * piety under Jiyva
   430 | D:1      | Quit the game

Illustrated notes

Levels and vault maps discovered:
D:1:      heliophobic_arrival_ceremonial_halls, layout_basic,
          basic_ecumenical_altar

Skill      XL: |  1  2 |
---------------+-------+-----
Dodging        | 1 |  1.1
Short Blades   | 2 |  2.0
Stealth        | 4 |  4.0
Fighting       | |  2.0
Throwing       | |  1.7

Action                   || total
-------------------------++-------
Melee: Dagger            ||    25
       Tailslap          ||     1
 Stab: Sleeping          ||     2
       Distracted        ||     1
Armor: Robe              ||     5
Dodge: Dodged            ||    13

Table legend: (Time is in decaauts)
 A = Elapsed time spent in this place.
 B = Non-inter-level travel time spent in this place.
 C = Inter-level travel time spent in this place.
 D = Time resting spent in this place.
 E = Time spent auto-exploring this place.
 F = Levels seen in this place.
 G = Mean time per level.
                   A        B        C        D        E       F      G
               +--------+--------+--------+--------+--------+-----+--------+
         Total |    427 |    409 |     18 |      0 |      0 |   1 |  427.0 |
       Dungeon |    427 |    409 |     18 |      0 |      0 |   1 |  427.0 |
               +--------+--------+--------+--------+--------+-----+--------+

Top non-repeatable levels by time:
     D:1: 427 daAuts
